Map: Orbital Shipyard

Players

llllllllllll - Winner!

  • Race: Zerg Zerg
  • League: Platinum

LilDicky

  • Race: Terran Terran
  • League: Diamond

VOD

http://www.twitch.tv/tumescentpie

Description

Time

  • Played on: Dec. 7, 2015, 5 p.m.
  • Length: 6:28
Show
View Real Time Build Order
Export as new Build Order

llllllllllll Zerg - Winner!

Build Orders: Hatch First, Zergling Baneling 

Get SALT Encoding   

  12  0:01  Drone  
  13  0:08  Drone  
  14  0:17  Overlord  
  14  0:27  Extractor  
  14  0:28  Drone  
  14  0:30  Extractor  
  14  0:31  Drone  
  16  0:36  Drone  
  17  0:49  Extractor  
  16  0:55  Hatchery  
  15  0:58  Drone  
  15  1:01  Drone  
  17  1:16  Spawning Pool  
  16  1:21  Drone  
  16  1:25  Drone  
  18  1:28  Drone  
  19  1:38  Overlord  
  19  1:51  Drone  
  20  2:03  Metabolic Boost, Queen  
  20  2:07  Queen  
  24  2:11  Zergling x2  
  24  2:13  Zergling x2  
  26  2:20  Baneling Nest  
  25  2:24  Drone  
  25  2:26  Drone  
  27  2:31  Drone  
  27  2:34  Zergling x2  
  27  2:37  Zergling x2  
  30  2:40  Zergling x2  
  30  2:43  Zergling x2  
  32  2:54  Zergling x4  
  34  3:00  Overlord  
  34  3:04  Zergling x2  
  35  3:17  Zergling x2  
  36  3:21  Zergling x12  
  36  3:23  Zergling x2  
  36  3:25  Baneling  
  36  3:26  Baneling x4  
  43  3:27  Baneling  
  43  3:30  Zergling x2  
  43  3:34  Baneling x3  
  41  3:58  Zergling x10  
  43  4:06  Zergling x2  
  42  4:10  Zergling x4  
  42  4:16  Zergling x4  
  44  4:19  Zergling x2  
  44  4:21  Zergling x2  
  44  4:23  Overlord, Zergling x2  
  44  4:30  Zergling x2  
  44  4:35  Baneling  
  44  4:36  Baneling x5  
  42  4:39  Zergling x4  
  42  4:42  Zergling x6  
  42  4:44  Zergling x2  
  48  4:49  Zergling x4  
  49  4:58  Zergling x2  
  45  5:02  Zergling x2  
  45  5:05  Zergling x6  
  45  5:06  Zergling x2  
  46  5:07  Baneling  
  46  5:10  Zergling x2  
  46  5:14  Baneling  
  46  5:15  Baneling x2  
  46  5:16  Zergling x2  
  47  5:23  Zergling x4  
  47  5:24  Zergling x2  
  47  5:27  Zergling x2  
  49  5:30  Zergling x2  
  49  5:33  Baneling x2  
  50  5:43  Zergling x4  
  51  5:56  Zergling x6  
  43  6:04  Zergling x6  
  43  6:08  Zergling x2  
Show
View Real Time Build Order
Export as new Build Order

LilDicky Terran 

Build Orders:  

Get SALT Encoding   

  12  0:01  SCV  
  13  0:13  SCV  
  14  0:18  Supply Depot  
  14  0:25  SCV  
  15  0:29  Refinery  
  15  0:40  SCV  
  16  0:45  Barracks  
  16  0:52  SCV  
  17  1:04  SCV  
  18  1:10  Refinery  
  18  1:16  SCV  
  19  1:29  SCV  
  19  1:32  Marine  
  20  1:34  Supply Depot  
  21  1:42  Orbital Command  
  21  1:50  Factory  
  22  2:00  Barracks Reactor  
  21  2:10  SCV  
  22  2:22  SCV  
  23  2:33  Armory  
  23  2:35  Starport  
  23  2:36  Factory Tech Lab, Marine x2  
  25  2:37  SCV  
  26  2:50  SCV  
  27  2:54  Marine x2  
  29  3:01  Supply Depot  
  29  3:02  SCV  
  30  3:06  Supply Depot  
  30  3:14  SCV  
  31  3:22  Thor  
  31  3:25  Medivac  
  39  3:30  Marine  
  39  3:32  Marine  
  41  3:42  Supply Depot  
  41  3:47  Marine  
  32  4:25  Supply Depot  
  31  4:36  Supply Depot  
  31  4:48  Marine  
  31  4:49  Siege Tank  
  33  5:04  Medivac  
  33  5:06  Marine  
  33  5:21  Liberator  
  33  5:26  Supply Depot  
  36  5:44  SCV  
Tags
 
Add a new tag
Caveats
  • Supply blocks, unpowered buildings, or Contaminate may cause inaccurate times.
  • Supply counts are checked every 10 seconds.